 Dungeon Crawl Stone Soup version 0.28-a0-1435-g82390b3a13 (webtiles) character file.

Game seed: 5846021550686453990

6276 grumblor the Cleaver (level 10, -2/51 HPs)
             Began as a Vine Stalker Fighter on Jan 10, 2022.
             Was an Elder of Sif Muna.
             Slain by an orc warrior (13 damage)
             ... on level 10 of the Dungeon.
             The game lasted 00:17:06 (7411 turns).

grumblor the Cleaver (Vine Stalker Fighter)         Turns: 7411, Time: 00:17:06

Health: -2/51      AC: 13    Str: 28    XL:     10   Next: 94%
Magic:  0/18       EV:  8    Int:  8    God:    Sif Muna [****..]
Gold:   620        SH:  6    Dex: 15    Spells: 10/19 levels left

rFire   . . .      SeeInvis .   m - +7 war axe (freeze)
rCold   . . .      Faith    .   c - +1 buckler
rNeg    . . .      Spirit   +   t - +0 plate armour
rPois   +          Reflect  .   (no helmet)
rElec   .          Harm     .   (no cloak)
rCorr   .          Rampage  .   g - +0 pair of gloves
Will    +....                   (no boots)
Stlth   ..........              (no amulet)
HPRegen 0.97/turn               f - ring of poison resistance
MPRegen 0.16/turn               j - +6 ring of strength

@: no status effects
A: fangs 3, regeneration 1, magic shield, antimagic bite, no potion heal 2
a: Renounce Religion, Channel Magic, Forget Spell, Divine Exegesis


You were on level 10 of the Dungeon.
You worshipped Sif Muna.
Sif Muna was greatly pleased with you.
You visited 2 branches of the dungeon, and saw 11 of its levels.
You also visited: Sewer.

You collected 620 gold pieces.

Inventory:

Hand Weapons
 a - a +1 war axe
 m - a +7 war axe of freezing (weapon)
Missiles
 q - 38 poisoned darts (quivered)
Armour
 c - a +1 buckler (worn)
 g - a +0 pair of gloves (worn)
 t - a +0 plate armour (worn)
Jewellery
 b - a ring of flight
 f - a ring of poison resistance (left hand)
 j - a +6 ring of strength (right hand)
Wands
 h - a wand of paralysis (9)
 p - a wand of digging (3)
 r - a wand of iceblast (12)
 s - a wand of acid (9)
 u - a wand of flame (7)
Scrolls
 e - 3 scrolls of enchant armour
 k - 8 scrolls of teleportation
 l - 3 scrolls of blinking
Potions
 d - 2 potions of might
 i - a potion of curing
 n - 2 potions of lignification
 o - 2 potions of haste


   Skills:
 + Level 4.9 Fighting
 * Level 9.3 Axes
 * Level 3.3 Throwing
 * Level 4.9 Armour
 - Level 4.0 Dodging
 + Level 4.1 Shields
 * Level 5.2 Spellcasting
 * Level 4.9 Invocations
 * Level 2.1 Evocations


You had 10 spell levels left.
You knew the following spells:

 Your Spells              Type           Power      Damage    Failure   Level
a - Olgreb's Toxic Radia  Pois           2%         N/A       100%        4
b - Silence               Hex/Air        1%         N/A       100%        5

Your spell library contained the following spells:

 Spells                   Type           Power      Damage    Failure   Level
 Foxfire                  Conj/Fire      8%         2x1d4     98%         1
 Sting                    Tmut/Pois      8%         1d3       98%         1
 Summon Small Mammal      Summ           8%         N/A       98%         1
 Poisonous Vapours        Pois/Air       4%         N/A       99%         2
 Call Canine Familiar     Summ           2%         N/A       100%        3
 Summon Guardian Golem    Hex/Summ       2%         N/A       100%        3
 Passage of Golubria      Tloc           2%         N/A       100%        4
 Summon Ice Beast         Ice/Summ       2%         N/A       100%        4
 Lehudib's Crystal Spear  Conj/Erth      1%         10d2      100%        8


Dungeon Overview and Level Annotations

Branches:
Dungeon (10/15)            Temple (1/1) D:4            Lair (0/6) D:9
  Sewer (visited)
    Orc: D:9-12

Altars:
Elyvilon
Fedhas
Gozag
Kikubaaqudgha
Makhleb
Nemelex Xobeh
Qazlal
Ru
Sif Muna
Trog
Vehumet
The Shining One

Shops:
D:2 :   D:7 (


Innate Abilities, Weirdness & Mutations

You have razor-sharp teeth.
Your natural rate of healing is unusually fast.
When hurt, damage is shared between your health and your magic reserves.
Your bite disrupts and absorbs the magic of your enemies.
Potions cannot restore your health.


Message History

The wraith hits you.
The orc warrior hits you but does no damage.
Unknown command.
You slash the wraith! You freeze the wraith.
The wraith is severely damaged.
You slash the centaur! You freeze the centaur. You block the centaur's attack.
The centaur kicks you. The wraith hits you but does no damage.
You block the orc warrior's attack. The centaur hits you.
The centaur kicks you but does no damage.
Unknown command.
You barely miss the wraith. You bite the wraith. You drain its power.
You feel invigorated.
The wraith is almost destroyed.
You slash the centaur! You freeze the centaur.
You kill the centaur!
Sif Muna accepts your kill. The wraith hits you!
* * * LOW HITPOINT WARNING * * *
The orc warrior hits you from afar with a +0 halberd.
* * * LOW HITPOINT WARNING * * *
The wraith closely misses you.
You slash the wraith! You freeze the wraith.
You destroy the wraith!
Sif Muna accepts your kill.
You can now call upon Sif Muna to cast any spell from your library.
You block the orc warrior's attack.
The orc warrior hits you from afar with a +0 halberd.
* * * LOW HITPOINT WARNING * * *
The orc wizard casts a spell.
The orc wizard flickers and vanishes!
Deactivating autopickup; reactivate with Ctrl-A.
The orc warrior hits you with a +0 halberd!
You barely miss the orc warrior. Your bite misses the orc warrior.
The orc warrior hits you with a +0 halberd!
* * * LOW HITPOINT WARNING * * *
You slash the orc warrior! You freeze the orc warrior.
Your bite misses the orc warrior.
The orc warrior is moderately wounded.
The orc warrior hits you with a +0 halberd!!
You die...

.......## ##.....##
........## ##.).....#
<........## #.{##.<.##
..........## ##.## #...#
...........## #..# #.##
............# ##.## ..+
............# ##.## ##
............########..####
........)...##..@o.......#
........#......#####.........
########).###### #...##....
##.## ##..# ### #..# #..#
##.## #..# #..# #..# ##.##
..# ##.##


You could see an orc warrior.

Vanquished Creatures
  A deep elf zephyrmancer (D:7)
  8 yaks
  A wraith (D:10)
  2 vampire mosquitoes (D:9)
  A steam dragon (D:8)
  5 water moccasins (D:9)
  4 orc warriors
  A sky beast (D:5)
  A necrophage (D:4)
  A black bear (D:6)
  7 centaurs
  2 kobold brigands
  A wyvern zombie (D:7)
  8 bullfrogs
  3 scorpions
  A water moccasin skeleton (D:7)
  6 killer bees (D:7)
  7 wights
  4 centaur zombies
  A gnoll shaman (D:8)
  A centaur skeleton (D:7)
  3 iron imps (D:9)
  A jelly (D:5)
  4 orc priests
  A bullfrog skeleton (D:6)
  3 orc wizards
  2 iguanas
  4 gnolls (D:4)
  A howler monkey skeleton (D:6)
  7 adders
  A white imp (D:6)
  An ufetubus (D:7)
  5 dart slugs
  34 orcs
  4 bats
  19 endoplasms
  14 giant cockroaches
  A goblin (D:3)
  7 hobgoblins
  6 jackals
  13 kobolds
  13 quokkas
  9 ball pythons
  14 frilled lizards
  5 rats
238 creatures vanquished.

Vanquished Creatures (others)
  19 fungi (D:9)
  17 plants
36 creatures vanquished.

Grand Total: 274 creatures vanquished

Notes
Turn   | Place    | Note
-------+----------+-------------------------------------------
     0 | D:1      | grumblor the Vine Stalker Fighter began the quest for the
                  | Orb.
     0 | D:1      | Reached XP level 1. HP: 11/11 MP: 2/2
   152 | D:1      | Reached XP level 2. HP: 12/16 MP: 3/3
   546 | D:1      | Reached skill level 2 in Axes
   549 | D:1      | Reached XP level 3. HP: 17/19 MP: 3/5
   605 | D:1      | Found a faded altar of an unknown god.
   992 | D:2      | Reached skill level 1 in Spellcasting
  1454 | D:2      | Found Xeizxus's Book Emporium.
  1805 | D:3      | Gained mutation: Your natural rate of healing is unusually
                  | fast. [Vine Stalker growth]
  1805 | D:3      | Reached XP level 4. HP: 9/24 MP: 1/7
  1915 | D:3      | Reached skill level 1 in Dodging
  2405 | D:4      | Found a staircase to the Ecumenical Temple.
  2414 | D:4      | Reached XP level 5. HP: 15/28 MP: 4/8
  2493 | Temple   | Entered the Ecumenical Temple
  2502 | Temple   | Became a worshipper of Sif Muna the Loreminder
  2712 | D:4      | Noticed a necrophage
  2722 | D:4      | Killed a necrophage
  2723 | D:4      | Reached skill level 3 in Axes
  2723 | D:4      | Reached XP level 6. HP: 31/32 MP: 8/10
  2911 | D:5      | Entered Level 5 of the Dungeon
  3109 | D:5      | Noticed an orc warrior
  3235 | D:4      | Killed an orc warrior
  3236 | D:4      | Reached skill level 1 in Invocations
  3742 | D:5      | Reached XP level 7. HP: 33/36 MP: 8/11
  3773 | D:5      | Reached skill level 4 in Axes
  3882 | D:6      | Found a glowing drain.
  3886 | D:6      | Reached * piety under Sif Muna
  3913 | Sewer    | Entered a sewer
  4111 | Sewer    | Reached ** piety under Sif Muna
  4425 | D:6      | Gained mutation: You have razor-sharp teeth. [Vine Stalker
                  | growth]
  4425 | D:6      | Reached XP level 8. HP: 40/40 MP: 11/13
  4595 | D:6      | Reached skill level 5 in Axes
  5034 | D:7      | Reached skill level 6 in Axes
  5423 | D:7      | Found Okianet's Antique Weapon Shoppe.
  5592 | D:7      | Noticed a deep elf zephyrmancer
  5598 | D:7      | Killed a deep elf zephyrmancer
  5599 | D:7      | Reached skill level 7 in Axes
  5599 | D:7      | Reached skill level 1 in Throwing
  5599 | D:7      | Reached XP level 9. HP: 45/45 MP: 13/16
  5645 | D:7      | Learned a level 4 spell: Olgreb's Toxic Radiance
  5651 | D:7      | Learned a level 5 spell: Silence
  5923 | D:8      | Reached *** piety under Sif Muna
  6003 | D:8      | Reached skill level 8 in Axes
  6003 | D:8      | Reached XP level 10. HP: 33/51 MP: 11/17
  6434 | D:9      | Reached skill level 1 in Evocations
  6610 | D:9      | Found a burning altar of Makhleb.
  6833 | D:9      | Found a staircase to the Lair.
  6862 | D:9      | Got the Collected Works on Ignition and the Escort
  6913 | D:9      | Reached skill level 5 in Spellcasting
  6919 | D:9      | Reached skill level 9 in Axes
  7052 | D:9      | Reached **** piety under Sif Muna
  7318 | D:10     | Entered Level 10 of the Dungeon
  7411 | D:10     | Slain by an orc warrior

Illustrated notes

Levels and vault maps discovered:
D:1:      wander_arrival_desolate, layout_basic,
          dreamdust_ecumenical_altar_hidden_monk_grotto,
          hangedman_abyss_or_decor_lesser_grid, minmay_misc_feat_encased,
          hex_intersection
D:2:      layout_basic, serial_shops, nicolae_shop_trees,
          minmay_tree_intersection, minmay_curled_crystal
D:3:      layout_loops_cross, minmay_misc_feat_room
D:4:      layout_basic, temple_pool_b, item_on_display_a
D:5:      layout_basic
D:6:      layout_gridville, portal_sewer_entry_f
D:7:      layout_basic, serial_shops, shop, guppyfry_early_elven_hall
D:8:      layout_rooms, st_stairs_9
D:9:      layout_basic, demons_altar, due_lair_maze_entry_diamond
D:10:     layout_cave_pods, hiddenorc2_lemuel, serial_shops,
          nicolae_diamond_shop, onia_ninara_cookie
Temple:   grunt_wide_crystal_templ

Skill      XL: |  1  2  3  4  5  6  7  8  9 10 |
---------------+-------------------------------+-----
Axes           | 2 3 4 7 8 9 |  9.3
Spellcasting   | 1 2 3 4 5 |  5.2
Fighting       | 3 4 |  4.9
Dodging        | 1 2 3 4 |  4.0
Shields        | 3 4 |  4.1
Armour         | 3 4 |  4.9
Invocations    | 1 2 3 4 |  4.9
Throwing       | 1 2 3 |  3.3
Evocations     | 2 |  2.1

Action                   |  1- 3 |  4- 6 |  7- 9 | 10-12 || total
-------------------------+-------+-------+-------+-------++-------
Melee: War axe           |    72 |   121 |   266 |   113 ||   572
       Bite              |    14 |    29 |    55 |    25 ||   123
  Use: Scroll            |     7 |     2 |     5 |     3 ||    17
Armor: Scale mail        |    36 |    27 |       |       ||    63
       Chain mail        |       |    15 |   139 |    15 ||   169
       Plate armour      |       |       |       |    61 ||    61
Dodge: Dodged            |    32 |    53 |   130 |    52 ||   267
Block: Buckler           |    17 |    37 |    82 |    49 ||   185

Table legend: (Time is in decaauts)
 A = Elapsed time spent in this place.
 B = Non-inter-level travel time spent in this place.
 C = Inter-level travel time spent in this place.
 D = Time resting spent in this place.
 E = Time spent auto-exploring this place.
 F = Levels seen in this place.
 G = Mean time per level.
                   A        B        C        D        E       F      G
               +--------+--------+--------+--------+--------+-----+--------+
         Total |   7639 |   7466 |    173 |     67 |   5741 |  12 |  636.6 |
       Dungeon |   7193 |   7029 |    164 |     67 |   5594 |  10 |  719.3 |
        Temple |     18 |      9 |      9 |      0 |      0 |   1 |   18.0 |
         Sewer |    427 |    427 |      0 |      0 |    147 |   1 |  427.0 |
               +--------+--------+--------+--------+--------+-----+--------+

Top non-repeatable levels by time:
     D:7: 962 daAuts
     D:1: 932 daAuts
     D:9: 899 daAuts
     D:5: 871 daAuts
     D:3: 852 daAuts
     D:6: 777 daAuts
     D:4: 730 daAuts
     D:2: 560 daAuts
     D:8: 513 daAuts
   Sewer: 427 daAuts
    D:10: 93 daAuts
  Temple: 18 daAuts
